 Dungeon Crawl Stone Soup version 0.21.1-1-g345015f (webtiles) character file.

181 nicolaieve the Chopper (level 5, -3/46 HPs)
             Began as a Minotaur Berserker on June 12, 2018.
             Was a Believer of Trog.
             Slain by Eustachio
             ... wielding a +0 falchion of electrocution
              (4 damage)
             ... on level 4 of the Dungeon.
             The game lasted 00:07:46 (2542 turns).

nicolaieve the Chopper (Minotaur Berserker)         Turns: 2542, Time: 00:07:47

Health: -3/46      AC:  5    Str: 21    XL:     5   Next: 34%
Magic:  4/4        EV: 11    Int:  4    God:    Trog [**....]
Gold:   169        SH:  0    Dex: 11    Spells: 4/4 levels left

rFire    . . .     SeeInvis .   a - +0 hand axe
rCold    + . .     Gourm    .   (no shield)
rNeg     . . .     Faith    .   g - +0 ring mail
rPois    .         Spirit   .   (helmet restricted)
rElec    .         Reflect  .   (no cloak)
rCorr    .         Harm     .   (no gloves)
MR       .....                  (no boots)
Stlth    +.........             (no amulet)
HPRegen  0.15/turn              m - ring of protection from cold
MPRegen  0.09/turn              (no ring)

@: berserk cooldown, slowed, very slow
A: retaliatory headbutt, horns 2
a: Berserk, Trog's Hand, Burn Spellbooks, Renounce Religion


You were on level 4 of the Dungeon.
You worshipped Trog.
Trog was pleased with you.
You were not hungry.

You visited 1 branch of the dungeon, and saw 4 of its levels.

You collected 169 gold pieces.

Inventory:

Hand Weapons
 a - a +0 hand axe (weapon)
Missiles
 b - 195 stones (quivered)
Armour
 g - a +0 ring mail (worn)
Jewellery
 m - a ring of protection from cold (left hand)
 n - an uncursed ring of fire {unknown}
Scrolls
 d - 2 scrolls of enchant armour {unknown}
 e - a scroll of amnesia {unknown}
 h - a scroll of remove curse {unknown}
 i - a scroll of blinking {unknown}
 j - 7 scrolls of identify {unknown}
 k - a scroll of immolation {unknown}
 q - 2 scrolls of noise {unknown}
Potions
 f - a potion of cancellation {unknown}
 l - a potion of curing {unknown}
 o - a potion of berserk rage
 p - 2 potions of brilliance {unknown}
 r - a potion of heal wounds {unknown}
Comestibles
 c - 4 rations


   Skills:
 - Level 3.6 Fighting
 * Level 7.3 Axes
 - Level 2.4 Armour
 - Level 2.2 Dodging


You had 4 spell levels left.
You didn't know any spells.

Dungeon Overview and Level Annotations

Branches:
Dungeon (4/15)
 Temple: D:4-7

Altars:
The Shining One

Annotations:
D:4 Eustachio


Innate Abilities, Weirdness & Mutations

You reflexively headbutt those who attack you in melee.
You have a pair of horns on your head.


Message History

Eustachio closely misses you.
The river rat bites you but does no damage.
You slash Eustachio!
Eustachio is almost dead.
You hit the quasit but do no damage. You hit the river rat but do no damage.
You hit the iron imp but do no damage.
Your skin stops crawling.
You feel less resistant to hostile enchantments.
The quasit bites you but does no damage.
The quasit closely misses you. The quasit claws you.
* * * LOW HITPOINT WARNING * * *
Eustachio casts a spell.
The river rat bites you!
* * * LOW HITPOINT WARNING * * *
The quasit bites you.
* * * LOW HITPOINT WARNING * * *
The quasit barely misses you.
The quasit claws you but does no damage.
Eustachio hits you with a falchion of electrocution.
You die...

..# ##..# ..# #..##
# ..# #...# .# ..#
##..## ..## ..#
##...####..... ..#
#............. ..#
#............. ..#
#r...r........ ..#
##.55@.......##
..##
##...@5.......#
...##
###.....b.####...#
#...#####.......b.#
#...
##...#............#
#..
##...............#
##
#...............#
#..##..##'##....#
#..###.##.# ....#


You could see Eustachio, an iron imp, a quasit, 2 river rats, a white imp and 2
bats.

Vanquished Creatures
  A howler monkey (D:4)
  2 hounds (D:4)
  A worker ant (D:4)
  3 worms
  2 dart slugs
  A leopard gecko (D:4)
  An orc (D:3)
  2 giant cockroaches (D:1)
  9 goblins
  3 hobgoblins
  2 kobolds
  2 quokkas
  5 bats
  4 frilled lizards
  A jackal skeleton (D:4)
  7 rats
46 creatures vanquished.

Notes
Turn   | Place    | Note
-------+----------+-------------------------------------------
     0 | D:1      | nicolaieve the Minotaur Berserker began the quest for the Orb.
     0 | D:1      | Reached XP level 1. HP: 19/19 MP: 0/0
    67 | D:1      | Reached skill level 4 in Axes
   242 | D:1      | Reached XP level 2. HP: 22/27 MP: 1/1
   829 | D:2      | Reached skill level 5 in Axes
  1068 | D:2      | Reached XP level 3. HP: 33/33 MP: 2/2
  1338 | D:3      | Found a glowing golden altar of the Shining One.
  1575 | D:3      | Reached ** piety under Trog
  2026 | D:4      | Reached skill level 6 in Axes
  2026 | D:4      | Reached XP level 4. HP: 40/40 MP: 3/3
  2049 | D:4      | Reached skill level 7 in Axes
  2049 | D:4      | Reached XP level 5. HP: 28/46 MP: 4/4
  2526 | D:4      | Noticed Eustachio
  2542 | D:4      | HP: 1/46 [quasit[Eustachio] (2)]
  2542 | D:4      | Slain by Eustachio

Skill      XL: |  1  2  3  4 |
---------------+-------------+-----
Axes           | 4 5 6 7 |  7.3
Fighting       | |  3.6
Armour         | |  2.4
Dodging        | |  2.2

Action                   |  1- 3 |  4- 6 || total
-------------------------+-------+-------++-------
Melee: Hand axe          |    89 |    34 ||   123
       Headbutt          |    14 |     8 ||    22
Invok: Berserk           |       |     1 ||     1
       Trog's Hand       |       |     1 ||     1
  Eat: Chunk             |     3 |     1 ||     4
       Ration            |       |     1 ||     1
Armor: Animal skin       |     3 |       ||     3
       Ring mail         |    20 |    15 ||    35
Dodge: Dodged            |    53 |    22 ||    75
